 Dungeon Crawl Stone Soup version 0.28.0-53-g5a82cb258f (webtiles) character file.

Game seed: 1877033234613812598

7 hawla the Caller (level 1, -1/10 HPs)
             Began as a Deep Elf Summoner on June 12, 2022.
             Slain by an adder (4 damage)
             ... on level 2 of the Dungeon.
             The game lasted 00:01:18 (581 turns).

hawla the Caller (Deep Elf Summoner)                 Turns: 581, Time: 00:01:18

Health: -1/10      AC:  3    Str:  5    XL:     1   Next: 83%
Magic:  5/6        EV: 12    Int: 19    God:
Gold:   0          SH:  0    Dex: 15    Spells: 5/6 levels left

rFire   . . .      SeeInvis .   (no weapon)
rCold   . . .      Faith    .   (no shield)
rNeg    . . .      Spirit   .   a - +0 robe
rPois   .          Reflect  .   (no helmet)
rElec   .          Harm     .   (no cloak)
rCorr   .          Rampage  .   c - +0 pair of gloves
Will    .....                   (no boots)
Stlth   ++........              (no amulet)
HPRegen 0.03/turn               (no ring)
MPRegen 0.10/turn               (no ring)

@: no status effects
A: no striking features
a: no special abilities


You were on level 2 of the Dungeon.
You visited 1 branch of the dungeon, and saw 2 of its levels.

Inventory:

Missiles
 b - 4 poisoned darts
Armour
 a - a +0 robe (worn)
 c - a +0 pair of gloves (worn)


   Skills:
 + Level 2.5 Dodging
 + Level 2.5 Stealth
 + Level 3.0 Spellcasting
 + Level 4.6 Summonings


You had 5 spell levels left.
You knew the following spells:

 Your Spells              Type           Power      Damage    Failure   Level
a - Summon Small Mammal   Summ           80%        N/A       2%          1

Your spell library contained the following spells:

 Spells                   Type           Power      Damage    Failure   Level
 Call Imp                 Summ           20%        N/A       3%          2
 Call Canine Familiar     Summ           20%        N/A       7%          3
 Summon Guardian Golem    Hex/Summ       11%        N/A       17%         3
 Summon Lightning Spire   Summ/Air       11%        N/A       50%         4


Dungeon Overview and Level Annotations

Branches:
Dungeon (1/15)

Altars:


Message History

An adder comes into view.
An adder is nearby!
An adder is nearby!
Casting: Summon Small Mammal (safe; 2% risk of failure)
Confirm with . or Enter, or press ? or * to list all spells.
The adder hisses angrily.
The adder bites your rat.
Your rat barely misses the adder.
Casting: Summon Small Mammal (safe; 2% risk of failure)
Confirm with . or Enter, or press ? or * to list all spells.
The adder bites your rat but does no damage.
Your rat misses the adder. The adder bites your rat.
Your rat dies!
Your rat's corpse disappears in a puff of smoke!
The adder bites you.
You are poisoned.
The adder poisons you!
Your quokka completely misses the adder.
You miss the adder.
You feel sick. The adder bites you but does no damage.
Your quokka misses the adder. The adder misses you.
You barely miss the adder.
You feel sick.
Your quokka bites the adder.
The adder bites you but does no damage.
You closely miss the adder.
The adder is moderately wounded.
You feel sick.
Your quokka barely misses the adder.
The adder bites you but does no damage.
Your quokka misses the adder. You barely miss the adder.
The adder is moderately wounded.
You feel sick.
You are no longer poisoned.
The adder misses you.
Your quokka completely misses the adder.
You hit the adder.
The adder is heavily wounded.
The adder misses you.
Your quokka bites the adder but does no damage.
The adder bites you but does no damage.
You hit the adder.
The adder is severely wounded.
Your quokka closely misses the adder.
The adder bites you.
You die...

#.######.#.##........
#.# #.#....##.##..
#.# #...#.†.......
#.# ###....#####..
#.# ####.#........
#.# #.......#####.
#.# #.......# #.####
#...>...# #..r@#
#.......# ####S#
#.......# #.#
#..>....# #.#
#.......# #.#
######### #.# #.# #.#
#.#


You could see an adder (ally target) and a friendly quokka (summoned).

Vanquished Creatures
  A goblin (D:1)
  A kobold (D:1)
2 creatures vanquished.

Vanquished Creatures (collateral kills)
  A bat (D:1)
  2 giant cockroaches
  A ball python (D:1)
  A frilled lizard (D:1)
5 creatures vanquished.

Grand Total: 7 creatures vanquished

Notes
Turn   | Place    | Note
-------+----------+-------------------------------------------
     0 | D:1      | hawla the Deep Elf Summoner began the quest for the Orb.
     0 | D:1      | Reached XP level 1. HP: 10/10 MP: 6/6
   481 | D:1      | You fall into a shaft and drop 1 floor!
   581 | D:2      | Slain by an adder

Illustrated notes

Levels and vault maps discovered:
D:1:      heliophobic_arrival_dark_side_of_the_moon, layout_loops_ring,
          serial_shops, nicolae_shop_statue_plus
D:2:      cheibrodos_old_hovel, layout_loops_cross, minmay_rat_hole

Action                   || total
-------------------------++-------
Melee: Unarmed           ||    18
 Cast: Summon Small Mamm ||     8
Armor: Robe              ||    15
Dodge: Dodged            ||    20
